Map: Lightshade LE

Players

DPGCure (Cure) - Winner!

  • Race: Terran Terran
  • League: Master
  • Spawn Location: 11:00

ByuN

  • Race: Terran Terran
  • League: Diamond
  • Spawn Location: 5:00

Event: TSL 6

VOD

Have the link to the VOD?

Description

Time

  • Played on: Dec. 12, 2020, 6:21 p.m.
  • Length: 4:51

All games in this series

Show
View Real Time Build Order
Export as new Build Order

DPGCure Terran - Winner!

Build Orders:  

Get SALT Encoding   

  12  0:00  SCV  
  13  0:12  SCV  
  14  0:18  Supply Depot  
  14  0:24  SCV  
  15  0:40  Barracks  
  15  0:43  Refinery  
  15  0:56  Barracks  
  15  1:00  SCV  
  16  1:13  SCV  
  17  1:26  Orbital Command  
  17  1:30  Refinery  
  17  1:41  Barracks Tech Lab  
  17  1:50  Supply Depot  
  17  1:52  SCV  
  18  1:54  Barracks Tech Lab  
  18  1:59  Marauder  
  20  2:01  Concussive Shells  
  20  2:05  SCV  
  21  2:14  Marauder  
  23  2:21  Marauder  
  25  2:23  SCV  
  26  2:35  Supply Depot, Marauder  
  28  2:42  Marauder  
  30  2:45  SCV  
  31  2:57  Marauder, SCV  
  32  3:04  Marauder  
  31  3:17  SCV  
  31  3:18  Factory, Marauder  
  29  3:25  Marauder  
  29  3:30  SCV  
  30  3:40  Marauder  
  30  3:46  Marauder  
  33  3:48  SCV  
  33  4:01  Marauder  
  27  4:10  Factory Tech Lab  
  27  4:11  Marauder  
Show
View Real Time Build Order
Export as new Build Order

ByuN Terran 

Build Orders: 1/1/1, Liberator Opening 

Get SALT Encoding   

  12  0:00  SCV  
  13  0:12  SCV  
  14  0:16  Supply Depot  
  14  0:24  SCV  
  15  0:38  SCV  
  15  0:39  Barracks  
  15  0:42  Refinery  
  16  0:50  SCV  
  16  0:52  Refinery  
  17  1:02  SCV  
  18  1:14  SCV  
  19  1:26  Orbital Command, Reaper  
  19  1:28  Supply Depot  
  20  1:42  Factory  
  20  1:53  SCV  
  21  1:58  Marine  
  22  2:05  SCV  
  23  2:16  Marine  
  23  2:17  SCV  
  23  2:19  Bunker  
  25  2:26  Hellion  
  25  2:27  Starport  
  25  2:29  SCV  
  28  2:32  Supply Depot  
  28  2:35  Marine  
  29  2:41  SCV  
  30  2:53  Marine  
  22  3:08  Liberator  
  22  3:19  Marine  
  21  3:21  SCV  
  20  3:33  SCV  
  19  3:37  Widow Mine, Marine  
  22  3:45  SCV  
  23  3:55  Marine  
  19  4:08  Orbital Command  
  15  4:35  SCV  
Tags
 
Add a new tag
Caveats
  • Supply blocks, unpowered buildings, or Contaminate may cause inaccurate times.
  • Supply counts are checked every 10 seconds.